 Dungeon Crawl Stone Soup version 0.30-a0-728-gc68057be0a (webtiles) character file.

Game seed: 10327162101529587993

63 gruber the Sneak (level 4, -2/23 HPs)
             Began as a Vine Stalker Brigand on Jan 31, 2023.
             Killed by nerve-wracking pain
             ... invoked by an orc priest
              (7 damage)
             ... on level 3 of the Dungeon.
             The game lasted 00:01:49 (2208 turns).

gruber the Sneak (Vine Stalker Brigand)             Turns: 2208, Time: 00:01:50

Health: -2/23      AC:  4    Str: 15    XL:     4   Next: 10%
Magic:  0/5        EV: 11    Int: 11    God:
Gold:   130        SH:  0    Dex: 16    Spells: 3/3 levels left

rFire   . . .      SeeInvis .    l - +1 dagger (vamp)
rCold   . . .      Faith    .    (no shield)
rNeg    . . .      Spirit   +    b - +0 robe
rPois   .          Reflect  .    j - +0 helmet
rElec   .          Harm     .    c - +0 cloak
rCorr   .          Rampage  .    (no gloves)
Will    .....                    (no boots)
Stlth   +++                      (no amulet)
HPRegen 1.03/turn                (no ring)
MPRegen 0.09/turn                (no ring)

@: no status effects
A: fangs 2, regeneration 1, magic shield, antimagic bite, no potion heal 2
a: no special abilities


You were on level 3 of the Dungeon.
You visited 1 branch of the dungeon, and saw 3 of its levels.

You collected 130 gold pieces.

Inventory:

Hand Weapons
 l - a +1 vampiric dagger (weapon)
Missiles
 d - 11 poisoned darts (quivered)
 e - 3 curare-tipped darts
Armour
 b - a +0 robe (worn)
 c - a +0 cloak (worn)
 j - a +0 helmet (worn)
Scrolls
 a - 2 scrolls of identify {unknown}
 h - 2 scrolls of noise {unknown}
 m - 3 scrolls of blinking {unknown}
Potions
 f - a potion of berserk rage {unknown}
 g - 2 potions of cancellation {unknown}
 i - a potion of brilliance {unknown}
 k - a potion of degeneration {unknown}
 n - a potion of curing {unknown}
 o - a potion of heal wounds {unknown}


   Skills:
 - Level 1.7 Fighting
 + Level 3.9 Short Blades
 - Level 1.7 Throwing
 - Level 0.7 Dodging
 - Level 4.8 Stealth


You had 3 spell levels left.
You didn't know any spells.
Your spell library was empty.

Dungeon Overview and Level Annotations

Branches:
Dungeon (3/15)

Altars:
Elyvilon
Nemelex Xobeh


Innate Abilities, Weirdness & Mutations

You have extremely sharp teeth.
Your natural rate of healing is unusually fast.
When hurt, damage is shared between your health and your magic reserves.
Your bite disrupts and absorbs the magic of your enemies.
Potions cannot restore your health.


Message History

The orc priest is moderately wounded.
The orc closely misses you.
The orc priest hits you with a +0 hand axe.
You hit the orc priest but do no damage.
You bite the orc priest, but do no damage.
The orc priest is moderately wounded.
The orc priest hits you with a +0 hand axe.
The orc hits you with a +0 hand axe.
You are too injured to fight recklessly!
You are too injured to fight recklessly!
You are too injured to fight recklessly!
You closely miss the orc priest.
The orc priest is moderately wounded.
The orc barely misses you.
The orc priest looks braver for a moment.
You barely miss the orc priest. You bite the orc priest. You drain its power.
You feel invigorated.
The orc priest is moderately wounded.
You hit the orc priest.
You feel better.
You bite the orc priest, but do no damage.
The orc priest is moderately wounded.
The orc priest hits you with a +0 hand axe.
The orc closely misses you.
You hit the orc priest but do no damage.
You bite the orc priest. You drain its power.
You feel invigorated.
The orc priest is heavily wounded.
The orc priest closely misses you. The orc hits you with a +0 hand axe.
You hit the orc priest but do no damage.
Your bite misses the orc priest.
The orc priest is heavily wounded.
The orc priest hits you but does no damage.
The orc hits you with a +0 hand axe!
* * * LOW HITPOINT WARNING * * *
You closely miss the orc priest.
You bite the orc priest, but do no damage.
The orc priest is heavily wounded.
The orc barely misses you.
The orc priest calls down the wrath of Beogh upon you.
Pain shoots through your body!
You die...

#..# #.# #.# ##.....#
.# #.# ......# #.# #.#
##.....####.# #.#
#.<.........# #.#
#..........#.####.# #
#.........# #.....# #
#..o)o..# ##.#######
#.@.#..###.......##
#...###.#.########
#..##....##
#####..#.....########
.....................#
#######........#######
##.......# ##.....##
##...##


You could see an orc priest and an orc.

Vanquished Creatures
  3 adders
  2 worms
  An orc (D:3)
  A ball python (D:2)
  3 endoplasms
  3 giant cockroaches
  A goblin (D:1)
  2 hobgoblins
  2 jackals (D:2)
  A kobold (D:1)
  3 quokkas
  2 bats
  A frilled lizard (D:3)
  3 rats
28 creatures vanquished.

Notes
Turn   | Place    | Note
-------+----------+-------------------------------------------
     0 | D:1      | gruber the Vine Stalker Brigand began the quest for the
                  | Orb.
     0 | D:1      | Reached XP level 1. HP: 11/11 MP: 2/2
   341 | D:1      | Reached XP level 2. HP: 15/15 MP: 1/3
  1083 | D:2      | Reached XP level 3. HP: 2/18 MP: 2/4
  1085 | D:2      | HP: 1/27 [poisoned by an adder]
  1327 | D:2      | Found a sparkling altar of Nemelex Xobeh.
  1883 | D:3      | Gained mutation: Your natural rate of healing is unusually
                  | fast. [Vine Stalker growth]
  1883 | D:3      | Reached XP level 4. HP: 23/23 MP: 5/5
  1981 | D:3      | Found a faded altar of an unknown god.
  2057 | D:3      | Found a white marble altar of Elyvilon.
  2208 | D:3      | Killed from afar by an orc priest

Illustrated notes

Levels and vault maps discovered:
D:1:      matt_arrival_diagonals, layout_basic
D:2:      layout_basic, basic_altar, hangedman_decor_points, serial_park_tiny_1
D:3:      minmay_octagon_keep, layout_loops_ring, marbit_many_paths,
          hellmonk_ecumenical_altar_run_dry, grunt_ministairs_2,
          hangedman_abyss_or_decor_stabs, st_stairs_14

Skill      XL: |  1  2 |
---------------+-------+-----
Short Blades   | 2 3 |  3.9
Fighting       | |  1.7
Throwing       | |  1.7
Dodging        | |  0.7
Stealth        | |  4.8

Action                     |  1- 3 |  4- 6 || total
---------------------------+-------+-------++-------
  Melee: Dagger            |    92 |    23 ||   115
         Bite              |    20 |     9 ||    29
         Punch             |       |     1 ||     1
    Use: Potion            |     1 |       ||     1
   Stab: Sleeping          |     5 |     3 ||     8
 Armour: Robe              |    27 |     4 ||    31
  Dodge: Dodged            |    48 |     9 ||    57

Table legend: (Time is in decaauts)
 A = Elapsed time spent in this place.
 B = Non-inter-level travel time spent in this place.
 C = Inter-level travel time spent in this place.
 D = Time resting spent in this place.
 E = Time spent auto-exploring this place.
 F = Levels seen in this place.
 G = Mean time per level.
                   A        B        C        D        E       F      G
               +--------+--------+--------+--------+--------+-----+--------+
         Total |   2190 |   2053 |    137 |     18 |   1772 |   3 |  730.0 |
       Dungeon |   2190 |   2053 |    137 |     18 |   1772 |   3 |  730.0 |
               +--------+--------+--------+--------+--------+-----+--------+

Top non-repeatable levels by time:
     D:2: 895 daAuts
     D:1: 862 daAuts
     D:3: 432 daAuts
